[Event "Ostravsky Konik FIDE-A 2024"]
[Site "Ostrava"]
[Date "2024.04.27"]
[Round "1.1"]
[White "Kozlowski, Franciszek"]
[Black "Decuigniere, Tom"]
[Result "0-1"]
[ECO "D94"]
[WhiteElo "2021"]
[BlackElo "2401"]
[Annotator "TA"]
[PlyCount "117"]
[EventDate "2024.04.26"]
[EventType "swiss"]
[EventCountry "CZE"]
[SourceTitle "playchess.com"]
[Source "ChessBase"]
[SourceQuality "1"]
[TimeControl "40/5400+30:1800+30"]

1. Nf3 d5 2. d4 Nf6 3. e3 g6 4. c4 Bg7 5. Nc3 O-O 6. cxd5 Nxd5 7. Bc4 Nxc3 8. bxc3 c5 9. O-O Qc7 10. Qe2 b6 11. Bd5 Ba6 12. c4 (12. Bc4 $15 Bxc4 13. Qxc4) 12... Nc6 $17 13. Bb2 {[%emt 0:03:56] Black is better.} cxd4 14. exd4 {[%emt 0:11:37] [#]} Rac8 $1 {[%emt 0:01:59] Threatens to win with ...Nb4.} 15. Rfc1 Na5 16. Ba3 {[%emt 0:06:04][%cal Oc1c2] Inhibits Qd6.} Bxc4 17. Bxc4 Nxc4 18. Qxe7 Qf4 19. Bb4 {[%emt 0:09:26] [#]} (19. h3 $142) 19... Ne5 $1 20. Rxc8 Nxf3+ 21. gxf3 Rxc8 22. Qb7 Rb8 23. Bd2 Qd6 (23... Qxd2 $2 24. Qxb8+ Bf8 25. Kg2 $18 (25. Qxa7 Qg5+ 26. Kh1 Qd5 $11)) (23... Rxb7 24. Bxf4 Bxd4 25. Rd1 $15) (23... Bxd4 24. Qxa7 Bxf2+ (24... Qxd2 25. Qxb8+ Kg7 26. Rf1 $14) 25. Kg2) ({Better is} 23... Qxh2+ $19 24. Kxh2 Rxb7) 24. Qxa7 Bxd4 25. Rf1 Re8 (25... Be5 $17 26. Be3 Bxh2+ 27. Kg2 Bf4) 26. Qa4 $11 Rc8 27. Kg2 Qd5 28. Rc1 Bc5 (28... Rxc1 {simplifies} 29. Bxc1 Kg7 30. Qd1 Qc4) 29. Qc2 (29. Bh6 $11) 29... Rd8 (29... Ra8 $17 30. a4 Qd7) 30. Bf4 g5 31. Bc7 Rd7 32. Bb8 g4 33. Qe4 Qxe4 (33... Qxa2 $2 {loses.} 34. Qxg4+ (34. fxg4 $2 Qxf2+ 35. Kh1 Rd4 $19) 34... Kf8 35. Rxc5 $18 (35. Qxd7 Qxf2+ 36. Kh3 Qxf3+ 37. Bg3 Qh5+ 38. Kg2 Qe2+ 39. Kh3 Qh5+ 40. Kg2 Qe2+ 41. Kh3 Qh5+ $11) (35. Qxd7 Qxf2+ 36. Kh3 Qxf3+ 37. Bg3 Qh5+ 38. Kg2 Qe2+ 39. Kh3 Qh5+ 40. Bh4 Qf3+ 41. Bg3 Qh5+ $11)) 34. fxe4 $15 {[%emt 0:00:00][%mdl 4096] Endgame. KRB-KRB} Rd2 35. Rf1 (35. Kg3 $11 {remains equal.}) 35... h5 36. h3 Rxa2 {[%emt 0:00:00] Black has more active pieces.} (36... gxh3+ $15 37. Kxh3 Bxf2 (37... Rxa2 38. Bg3 $17) (37... Rxf2 38. Rxf2 Bxf2 39. Ba7 $11)) 37. hxg4 $11 hxg4 38. Kg3 Kg7 39. Kxg4 Rxf2 40. Rxf2 Bxf2 {[%emt 0:00:00] KB-KB} 41. Kf5 b5 42. Be5+ Kf8 43. Bd6+ Ke8 {[%emt 0:00:03] ...Bh4 would now be deadly.} 44. e5 Bg3 45. Kf6 $2 {[%emt 0:00:04][%mdl 8192] This costs White the game.} (45. Kg4 $11 Be1 46. Kf5) 45... Bh4+ {[%emt 0:00:19] Black mates.} 46. Kf5 Be7 47. Bc7 Kd7 48. Bb6 Kc6 49. Ba5 Kd5 50. Bc3 Kc4 51. Bb2 b4 52. e6 fxe6+ 53. Kxe6 Bf8 54. Kf5 Kd3 55. Ke6 b3 56. Kd5 Bb4 57. Bc1 Kc3 58. Bg5 Kc2 59. Ke5 {[%emt 0:01:00] Weighted Error Value: White=0.25 (precise) /Black=0.14 (very precise) .  Loses game:     	White=1     	---        Mistake:       	White=5     	Black=4      Inaccurate:     	White=1     	Black=2      OK:         	White=14    	Black=11     Best:        	White=5     	Black=2      Strong:       	---       	Black=1      Brilliant:      	---       	Black=1} 0-1

[Event "Ostravsky Konik FIDE-A 2024"]
[Site "Ostrava"]
[Date "2024.04.27"]
[Round "1.2"]
[White "Nguyen, Piotr"]
[Black "Rekuc, Patryk"]
[Result "1-0"]
[ECO "D00"]
[WhiteElo "2398"]
[BlackElo "2003"]
[Annotator "TA"]
[PlyCount "87"]
[EventDate "2024.04.26"]
[EventType "swiss"]
[EventCountry "CZE"]
[SourceTitle "playchess.com"]
[Source "ChessBase"]
[SourceQuality "1"]
[TimeControl "40/5400+30:1800+30"]

1. d4 Nf6 2. Bf4 e6 3. e3 d5 4. Nd2 Bd6 5. Bg3 b6 6. Ngf3 Bb7 7. c3 O-O 8. Bd3 {[%emt 0:02:12] The position is equal.} c5 9. Ne5 Qc7 10. O-O Nfd7 11. f4 c4 12. Bc2 f5 $1 13. Bh4 Nxe5 14. fxe5 Be7 15. Qh5 Bc6 {[%emt 0:04:01] [#] White must now prevent ...Be8.} 16. Bxe7 Qxe7 17. g4 {[%emt 0:00:49] White is more active.} g6 18. Qh3 Na6 19. Rf4 Nc7 20. Raf1 b5 21. Qg2 Kh8 22. h4 Rab8 23. a3 a5 24. Qh3 b4 25. axb4 axb4 26. R4f2 (26. h5 $1 $11 bxc3 27. bxc3) 26... bxc3 $17 27. bxc3 Nb5 28. h5 fxg4 29. Rxf8+ Rxf8 30. Rxf8+ (30. Qxg4 Rxf1+ 31. Kxf1 gxh5 (31... Nxc3 32. hxg6 Ba4 33. Bxa4 $11) 32. Qxh5 Nxc3) 30... Qxf8 31. Qxg4 gxh5 32. Qxe6 Qg8+ 33. Qxg8+ Kxg8 $14 {[%emt 0:00:05][%mdl 4096] Endgame. KBN-KBN} 34. Nb1 Nc7 35. Kf2 Be8 36. Nd2 Bg6 {[%emt 0:00:13] [#]} 37. Ba4 Bf5 $2 {[%emt 0:02:59] A mistake that costs the game.} (37... Be8 $14 38. Bxe8 Nxe8) 38. Kg3 $18 {[%emt 0:00:33] Hoping for Kh4.} Kf7 (38... Bd3 $142 39. Bc6 Kg7) 39. Kh4 Bg4 40. Nf1 Ke7 $2 (40... h6 41. Bc6 Bf3) 41. Ng3 {[%emt 0:31:18] White is clearly winning.} Bd7 42. Bxd7 Kxd7 43. Kxh5 ({Worse is} 43. Nxh5 Nb5 $11) 43... Nb5 (43... Ke6 $142 44. Kg5 Nb5) 44. Ne2 {[%emt 0:00:05] Weighted Error Value: White=0.11 (very precise) /Black=0.33.  Loses game:     	---       	Black=1      Mistake:       	White=1     	Black=2      Inaccurate:     	White=2     	Black=9      OK:         	White=20    	Black=12     Best:        	White=3     	Black=1      Strong:       	---       	Black=1} 1-0

[Event "Ostravsky Konik FIDE-A 2024"]
[Site "Ostrava"]
[Date "2024.04.27"]
[Round "1.3"]
[White "Szczotka, Klara"]
[Black "Romanishin, Oleg M"]
[Result "0-1"]
[ECO "B44"]
[WhiteElo "2003"]
[BlackElo "2372"]
[Annotator "TA"]
[PlyCount "138"]
[EventDate "2024.04.26"]
[EventType "swiss"]
[EventCountry "CZE"]
[SourceTitle "playchess.com"]
[Source "ChessBase"]
[SourceQuality "1"]
[TimeControl "40/5400+30:1800+30"]

1. e4 c5 2. Nf3 e6 3. d4 cxd4 4. Nxd4 Nc6 5. Be3 Nf6 6. f3 d5 7. Bb5 {[%emt 0:00:00] B44: Sicilian: Taimanov: 5 Nb5.} Bd7 8. Nd2 e5 $146 ({Predecessor:} 8... dxe4 9. Nxc6 bxc6 10. Bc4 Nd5 11. Bxd5 cxd5 12. fxe4 Bc6 13. O-O dxe4 14. Qh5 Qc7 {0-1 Elesh,S (2104)-Korneev,O (2590) Golden Cleopatra op 2016 (3)}) 9. Ne2 Qa5 10. Bd3 dxe4 11. Bxe4 Nxe4 12. fxe4 Bc5 13. Bxc5 Qxc5 14. Nb3 Qc4 15. Nc3 O-O-O 16. Qd5 Be6 17. Qxc4 Bxc4 18. Nd2 Be6 19. O-O-O b6 20. Nf3 f6 21. h3 a6 22. g4 Rxd1+ 23. Rxd1 Rd8 24. Rxd8+ Kxd8 25. a3 Ne7 26. Kd2 h5 27. Nh2 Ng6 28. Ne2 hxg4 29. Nxg4 (29. hxg4 $15 Nf4 30. Nc3) 29... Kd7 30. Ke3 Kc6 31. Nf2 Nh4 32. Ng4 ({White should try} 32. Ng3 $15) 32... Ng6 ({Better is} 32... Ng2+ $1 $19 33. Kf2 Nf4 34. Nxf4 exf4) 33. Nf2 $15 Nh4 (33... Bd7 $15) 34. Ng4 $1 $17 Kc5 (34... Ng2+ $1 $17 35. Kf2 Nf4 36. Nxf4 Bxg4 (36... exf4 $2 37. e5 $19)) 35. Kf2 $15 Ng6 36. Ke3 Nh4 37. Kf2 $1 Ng6 38. Ke3 $1 a5 39. Nf2 Nh4 40. Ng4 {[%emt 0:00:00] [#]} (40. Ng3 $15) 40... Kd6 (40... Ng2+ $1 $19 41. Kd2 Nf4 42. Nxf4 exf4) 41. Kf2 Ng6 42. Kg3 Bc4 43. Nc3 Nf4 44. Ne3 Be6 45. h4 Kc5 46. Kf3 b5 47. Ncd1 {[%emt 0:00:00] [#]} (47. Ne2 $15 Nxe2 48. Kxe2) 47... Bf7 $1 $17 48. Nf2 Bh5+ 49. Kg3 Ne2+ 50. Kg2 Nd4 51. Nd3+ (51. c3 $1 $15 Nb3 52. Nh1) 51... Kd6 52. Kg3 g6 53. a4 bxa4 54. Nc4+ Kc7 55. Nc5 $2 (55. Ne3 $17 {was called for.}) 55... Be2 (55... Nxc2 56. Nxa4 Kc6 57. Nc3 $15) 56. Ne3 Bb5 57. c3 $2 (57. Kf2) 57... Ne2+ 58. Kf3 Nf4 59. c4 Kb6 60. Ne6 Nxe6 61. Nd5+ Kc5 62. cxb5 Kxb5 63. Nxf6 Kc4 (63... Kb4 $142 64. Nd7 Kb3 65. Nb6 Nc5 (65... Kxb2 $2 66. Nxa4+ Kb3 67. Nb6 $19) 66. Kg4 Nxe4 (66... Kxb2 $2 67. Kg5 $19) 67. Kf3 Nc5 68. Kg2 Kxb2 69. Kg3 Kb3 70. Kg4 a3 71. Kg5 a2 72. Kxg6 a1=Q (72... a1=B $2 73. Kg5 $19) 73. Nd5 Qd4 74. Nf6 Qxh4 75. Ng8 e4 76. Nh6 e3 (76... Qg3+ {gets mated.} 77. Kf7 e3 78. Nf5 Qf4 79. Kg6 e2 80. Nd4+ Qxd4 81. Kf7 Qf4+ 82. Kg7 Qg5+ 83. Kf8 e1=Q 84. Kf7 Qee7#) 77. Nf5 Qg4+ 78. Kf6 e2 79. Nh6 Qf4+ (79... e1=Q {leads to mate.} 80. Nxg4 a4 81. Nh6 a3 82. Nf5 a2 83. Nd4+ Kc4 84. Kg5 Kxd4 85. Kg6 a1=Q 86. Kg7 Qe7+ 87. Kh6 Qh1+ 88. Kg6 Qhh7#) 80. Nf5 e1=Q (80... e1=R 81. Kg6 Qg4+ 82. Kh7 Rh1+ 83. Nh6 Qg5 84. Kh8 Rxh6#) 81. Kg7 Qxf5 82. Kg8 Qg6+ 83. Kh8 Qh4#) 64. Nd5 Kb3 65. Nb6 Kxb2 66. Nxa4+ Kb3 67. Nb6 a4 68. Nxa4 Kxa4 69. Kg4 Kb4 0-1

[Event "Ostravsky Konik FIDE-A 2024"]
[Site "Ostrava"]
[Date "2024.04.27"]
[Round "1.4"]
[White "Sernecki, Franciszek"]
[Black "Dmochowska, Agnieszka"]
[Result "1-0"]
[ECO "E16"]
[WhiteElo "2342"]
[BlackElo "2001"]
[Annotator "TA"]
[PlyCount "83"]
[EventDate "2024.04.26"]
[EventType "swiss"]
[EventCountry "CZE"]
[SourceTitle "playchess.com"]
[Source "ChessBase"]
[SourceQuality "1"]
[TimeControl "40/5400+30:1800+30"]

1. d4 Nf6 2. c4 e6 3. Nf3 Bb4+ 4. Bd2 Bxd2+ 5. Qxd2 b6 6. g3 Bb7 7. Bg2 O-O 8. O-O d6 9. Nc3 Ne4 10. Nxe4 Bxe4 11. Qf4 f5 12. Ng5 Bxg2 13. Kxg2 Qf6 {[%emt 1:08:53] The position is equal.} 14. d5 e5 15. Qh4 h6 16. Ne6 $40 {[%emt 0:00:00][%mdl 128] Black needs to defend precisely.} Qxh4 17. gxh4 Rf7 18. f4 e4 (18... Nc6 $14 {is more appropriate.}) 19. b4 {[%emt 0:00:30] White has more active pieces. The black rooks are passive.} c5 20. bxc5 bxc5 21. Rab1 Nd7 22. Rb3 Nb6 23. Rc1 Kh7 (23... Re8 $14) 24. Kf2 (24. a4 $1 $18) 24... Re8 25. Ra3 Rb8 26. Rcc3 (26. Ra6 $14) 26... Rfb7 (26... g6 $11) 27. Ra6 ({White should try} 27. h5 $1 $14) 27... Kg8 (27... g6 $11) 28. a4 Rd7 {[%emt 0:00:00] [#]} 29. a5 (29. h5 $1 $16) 29... Na4 $11 30. Rc1 Nb2 {[%emt 0:01:50] [#]} (30... h5 $1 $11) 31. Rc6 (31. h5 $1 $16) 31... Kf7 (31... h5 $1 $11) 32. h5 $16 g6 $2 (32... Ra8 $16 {holds on.}) 33. Rg1 $2 (33. hxg6+ Ke7 34. g7) 33... Rg8 $2 (33... g5 34. fxg5 hxg5) 34. Rxg6 $18 Nxc4 35. Rxh6 {[%emt 0:00:27] Black must now prevent Rh7+.} e3+ 36. Kf3 {[%emt 0:00:02] Hoping for Rh7+.} Re7 37. Rh7+ Kf6 38. Rh6+ (38. Rxe7 $142 Kxe7 39. Rc7+ Kf6 40. Ng5 (40. Rxa7 Rh8 $18) 40... Rxg5 41. fxg5+ Kxg5 42. Rg7+ (42. Rxa7 f4 $18) 42... Kxh5 43. a6 (43. Rxa7 Kg5 $18)) 38... Kf7 39. Ng5+ Rxg5 40. fxg5 {[%emt 0:00:03] White threatens Rc8 and mate.} Ne5+ 41. Kf4 ({Not} 41. Kxe3 Nxc6+ 42. Kf2 Nd4 $11 (42... Nxa5 43. Rxd6 Nc4 44. Rc6 $16)) 41... Nxc6 42. dxc6 {[%emt 0:00:10] Weighted Error Value: White=0.72/Black=0.93.  Loses game:     	---       	Black=1      Mistake:       	White=6     	Black=7      Inaccurate:     	White=1     	Black=2      OK:         	White=8     	Black=5      Best:        	White=2     	Black=3} 1-0

[Event "Ostravsky Konik FIDE-A 2024"]
[Site "Ostrava"]
[Date "2024.04.27"]
[Round "1.5"]
[White "Litner, Igor"]
[Black "Goluch, Piotr"]
[Result "0-1"]
[ECO "E72"]
[WhiteElo "2000"]
[BlackElo "2325"]
[Annotator "TA"]
[PlyCount "76"]
[EventDate "2024.04.26"]
[EventType "swiss"]
[EventCountry "CZE"]
[SourceTitle "playchess.com"]
[Source "ChessBase"]
[SourceQuality "1"]
[TimeControl "40/5400+30:1800+30"]

1. d4 Nf6 2. c4 g6 3. Nc3 Bg7 4. g3 O-O 5. Bg2 c6 6. e4 d6 7. Nge2 e5 8. O-O Nbd7 9. h3 Re8 10. Be3 a5 11. Qd2 exd4 12. Bxd4 a4 {[%emt 0:12:16] White has an edge.} 13. Rad1 Qa5 14. Be3 (14. Qc2 $11 {keeps the balance.}) 14... Ne5 $1 $17 15. b3 (15. Qxd6 $2 Nxc4 16. Qc5 Qxc5 (16... Nxb2 17. Qxa5 Rxa5 18. Rc1 $19) 17. Bxc5 Nxb2 $19) 15... axb3 (15... Bxh3 {seems wilder.} 16. f3 Bxg2 17. Kxg2 axb3 18. axb3 Qa3) 16. axb3 {[%emt 0:00:14][%cal Of2f4] [#]} Bxh3 $1 17. Qxd6 (17. f3 Bxg2) 17... Bxg2 18. Kxg2 Nfg4 $1 {[%emt 0:00:10] And now ...Nxe3+ would win.} 19. Qc5 (19. Bc1 $17 {was called for.}) 19... Bf8 20. Qb6 Ra6 21. Qd4 {[%emt 0:05:15] [#]} Nh2 $1 {[%emt 0:00:09][%mdl 512] aiming for ...Nhf3. Black has more active pieces.} 22. Ra1 Qb4 (22... Qxa1 $2 23. Rxa1 Rxa1 24. Nd5 (24. Kxh2 $2 Nf3+ 25. Kg2 Nxd4 $19) 24... cxd5 25. Qxa1 $18) (22... Nxf1 23. Rxa5 Nxe3+ 24. Qxe3 $11) (22... Qc7 $1 $19 23. Rxa6 (23. Kxh2 $2 Nf3+ 24. Kg2 Nxd4 $19) 23... Nxf1) 23. Rxa6 (23. Kxh2 Nf3+ (23... Qxb3 $2 24. Kg2 $18) 24. Kg2 Nxd4 $19) (23. Rfc1 $17 Nhf3 24. Qd1) 23... Nxf1 $19 ({Much less strong is} 23... bxa6 24. Rb1 $15) 24. Rb6 Nxe3+ 25. Qxe3 {[%emt 0:00:01] [#]} Ng4 $1 26. Qd4 Qe7 27. f3 Ne5 28. f4 Ng4 29. e5 f6 30. e6 $2 (30. Ne4 fxe5 31. fxe5 Nxe5 32. c5) 30... Qc7 31. Kh3 {[%emt 0:00:00] [#]} ({Don't go for} 31. Qd7 $2 Qxb6 32. Qf7+ Kh8 $19) 31... f5 (31... Rxe6 $1 $19 {is more deadly.} 32. c5 (32. Kxg4 $2 {too greedy.} c5 $19) 32... Ne3) 32. Qd7 $17 Re7 {[%emt 0:00:00] Dancing on a razor blade.} 33. Qxc7 Rxc7 34. Na4 {[%emt 0:00:00] Against Bc5} Nf2+ 35. Kg2 Nd3 {[%emt 0:00:00] Strongly threatening ...Bb4.} 36. Kf3 {[%emt 0:00:00] [#]} (36. b4 $17 {was necessary.}) 36... Nc5 $1 $19 37. Nd4 $2 (37. Nec3 {is a better chance.}) 37... Nxa4 38. bxa4 Bc5 $1 {[%emt 0:00:00][%csl LRb6,LRd4] Weighted Error Value: White=0.68/Black=0.32.  Mistake:       	White=6     	Black=1      Inaccurate:     	White=3     	Black=2      OK:         	White=5     	Black=11     Best:        	White=3     	Black=4      Strong:       	---       	Black=1      Brilliant:      	---       	Black=1} 0-1

[Event "Ostravsky Konik FIDE-A 2024"]
[Site "Ostrava"]
[Date "2024.04.27"]
[Round "1.6"]
[White "Bujnoch, Radek"]
[Black "Llopis de Aysa, Manuel"]
[Result "1-0"]
[ECO "A90"]
[WhiteElo "2307"]
[BlackElo "1996"]
[Annotator "TA"]
[PlyCount "139"]
[EventDate "2024.04.26"]
[EventType "swiss"]
[EventCountry "CZE"]
[SourceTitle "playchess.com"]
[Source "ChessBase"]
[SourceQuality "1"]
[TimeControl "40/5400+30:1800+30"]

1. d4 e6 2. c4 f5 3. g3 Nf6 4. Bg2 d5 5. Nf3 c6 6. O-O Bd6 7. b3 Qe7 8. Qc2 O-O 9. Ne5 b6 10. cxd5 cxd5 11. Nc4 Qc7 12. Qb2 {[%emt 0:00:30] The position is equal.} Be7 13. Bf4 Qd8 14. Ne5 {[%emt 0:00:30] Against Nc6} Nfd7 15. Nd3 Nc6 16. Nd2 Ba6 17. Nf3 Rc8 18. a3 Bxd3 19. exd3 g5 20. Be3 g4 21. Ne5 Ncxe5 22. dxe5 Qc7 (22... Bg5 $11 {was preferrable.}) 23. d4 $14 Qc2 24. Qxc2 Rxc2 25. Rfc1 Rfc8 26. Rxc2 Rxc2 27. Rc1 Rxc1+ 28. Bxc1 $15 {[%emt 0:00:30][%mdl 4096] Endgame. KBB-KBN} Nb8 29. Bb2 Nc6 30. Bf1 Nb8 (30... Na5 $15 31. b4 Nc4 32. Bxc4 (32. Bc1 b5 $17) 32... dxc4) 31. f3 h5 32. b4 Kf7 33. b5 Nd7 34. h3 (34. Kf2 $14) 34... gxh3 35. Bxh3 Nf8 36. Kf2 Ng6 37. Bc1 Bf8 38. Bf1 Be7 39. Be2 Nf8 40. a4 Bb4 41. Bg5 Bc3 42. Ke3 Be1 43. g4 hxg4 44. fxg4 fxg4 45. Bxg4 Nd7 46. Bh5+ {This pair of bishops is nice.} Kf8 47. Kf3 Bc3 48. Be3 Ke7 49. Kg4 Kf8 $1 50. Kg5 {[%emt 0:00:30] [#] Black must now prevent Kg6.} Kg7 51. Be8 Nf8 52. Kh5 Kg8 53. Kh6 Bb2 54. Kh5 Bc3 55. Kg4 Kg7 56. Kf3 Ng6 57. Ke2 Ne7 58. Kd3 Bb4 59. Bg5 Kf8 60. Bh5 Ba3 ({Better is} 60... Nf5 $14) 61. Kc3 {[%emt 0:00:30] White is more active.} (61. Bh6+ $16 Kg8 62. Bd2) 61... Nf5 $14 62. Bd8 Ne7 63. Kb3 Bc1 64. a5 bxa5 65. Bxa5 {[%emt 0:00:30] Strongly threatening Bb4.} Be3 66. Kc3 {[%emt 0:00:30] Hoping for Bb4.} Nf5 $2 {[%emt 0:00:30][%mdl 8192] [#] Loses the game.} (66... Bf2 $14 67. Kd3 Kg7) 67. Bb4+ $1 $18 {[%emt 0:00:30] White is clearly winning.} Kg8 68. Bc5 Ng3 69. Bf3 Kf7 70. Bxa7 {[%emt 0:00:30] Weighted Error Value: White=0.09 (flawless) /Black=0.11 (very precise) .  Loses game:     	---       	Black=1      Mistake:       	White=2     	Black=3      Inaccurate:     	White=8     	Black=7      OK:         	White=17    	Black=26     Best:        	White=1     	Black=4      Strong:       	White=1     	Black=1} 1-0

[Event "Ostravsky Konik FIDE-A 2024"]
[Site "Ostrava"]
[Date "2024.04.28"]
[Round "2.2"]
[White "Warchol, Kamil"]
[Black "Nguyen, Piotr"]
[Result "*"]
[ECO "C02"]
[WhiteElo "2149"]
[BlackElo "2398"]
[Annotator "RC"]
[PlyCount "37"]
[EventDate "2024.04.26"]
[EventType "swiss"]
[EventCountry "CZE"]
[SourceTitle "playchess.com"]
[Source "ChessBase"]
[SourceQuality "1"]
[TimeControl "40/5400+30:1800+30"]

1. e4 e6 2. d4 d5 3. e5 c5 4. c3 Nc6 5. Nf3 Bd7 6. Bd3 cxd4 7. O-O dxc3 8. Nxc3 Bc5 9. a3 a5 10. Qe2 Nge7 11. h4 Nd4 12. Nxd4 Bxd4 13. Nb5 Bxb5 14. Bxb5+ Nc6 15. Bg5 Qb6 16. h5 h6 17. Bf4 O-O 18. a4 f6 19. Bxc6 *

[Event "Ostravsky Konik FIDE-A 2024"]
[Site "Ostrava"]
[Date "2024.04.28"]
[Round "2.3"]
[White "Romanishin, Oleg M"]
[Black "Tymrakiewicz, Rafal"]
[Result "1/2-1/2"]
[ECO "C54"]
[WhiteElo "2372"]
[BlackElo "2135"]
[Annotator "TA"]
[PlyCount "38"]
[EventDate "2024.04.26"]
[EventType "swiss"]
[EventCountry "CZE"]
[SourceTitle "playchess.com"]
[Source "ChessBase"]
[SourceQuality "1"]
[TimeControl "40/5400+30:1800+30"]

1. e4 e5 2. Nf3 Nc6 3. Bc4 Bc5 4. d3 Nf6 5. c3 O-O 6. Nbd2 a5 7. a4 Ba7 8. O-O Kh8 {[%emt 0:07:32] The position is equal.} 9. h3 d5 10. Bb5 Ne7 11. exd5 (11. Nxe5 $2 {perishes.} c6 12. Bc4 dxc4 13. Ndxc4 Nd7 $19) 11... Ng6 12. Re1 Qxd5 13. Ne4 ({White should play} 13. Bc4 $14 Qd6 14. b3) 13... Nxe4 $11 14. dxe4 Qxd1 15. Rxd1 Be6 {[%emt 0:00:04] Prevents Bc4} 16. Be3 {[%emt 0:09:43] Wards off Bc5} (16. b4 $11) 16... Bxe3 $15 17. fxe3 f6 18. Rd2 Kg8 19. Bd3 Ne7 {[%emt 0:03:40] Weighted Error Value: White=0.20 (precise) /Black=0.04 (flawless) .  Mistake:       	White=2     	---        Inaccurate:     	---       	Black=1      OK:         	White=3     	Black=6      Best:        	---       	Black=2} 1/2-1/2

[Event "Ostravsky Konik FIDE-A 2024"]
[Site "Ostrava"]
[Date "2024.04.28"]
[Round "2.3"]
[White "Warchol, Kamil"]
[Black "Tymrakiewicz, Rafal"]
[Result "1/2-1/2"]
[ECO "C54"]
[WhiteElo "2149"]
[BlackElo "2135"]
[Annotator "TA"]
[PlyCount "38"]
[EventDate "2024.04.26"]
[EventType "swiss"]
[EventCountry "CZE"]
[SourceTitle "playchess.com"]
[Source "ChessBase"]
[SourceQuality "1"]
[TimeControl "40/5400+30:1800+30"]

1. e4 e5 2. Nf3 Nc6 3. Bc4 Bc5 4. d3 Nf6 5. c3 O-O 6. Nbd2 a5 7. a4 Ba7 8. O-O Kh8 {[%emt 0:07:32] The position is equal.} 9. h3 d5 10. Bb5 Ne7 {[%emt 0:11:57] ...c6 would now be deadly.} 11. exd5 (11. Nxe5 $2 {perishes.} c6 12. Bc4 dxc4 13. Ndxc4 Nd7 $19) 11... Ng6 $1 12. Re1 Qxd5 13. Ne4 (13. Bc4 $14 Qd6 14. b3) 13... Nxe4 $11 14. dxe4 Qxd1 15. Rxd1 Be6 {[%emt 0:00:04] Wards off Bc4} 16. Be3 Bxe3 17. fxe3 f6 18. Rd2 Kg8 19. Bd3 Ne7 {[%emt 0:03:40] Weighted Error Value: White=0.18 (very precise) /Black=0.04 (flawless) .  Mistake:       	White=1     	---        Inaccurate:     	White=1     	---        OK:         	White=1     	Black=5      Best:        	---       	Black=1      Strong:       	---       	Black=1} 1/2-1/2

[Event "Ostravsky Konik FIDE-A 2024"]
[Site "Ostrava"]
[Date "2024.04.28"]
[Round "2.4"]
[White "Fizer, Marek"]
[Black "Sernecki, Franciszek"]
[Result "1/2-1/2"]
[ECO "A46"]
[WhiteElo "2096"]
[BlackElo "2342"]
[Annotator "TA"]
[PlyCount "39"]
[EventDate "2024.04.26"]
[EventType "swiss"]
[EventCountry "CZE"]
[SourceTitle "playchess.com"]
[Source "ChessBase"]
[SourceQuality "1"]
[TimeControl "40/5400+30:1800+30"]

1. d4 Nf6 2. Nf3 d6 3. g3 Nbd7 4. Bg2 e5 5. O-O e4 6. Nh4 Nb6 7. a4 a5 8. Nc3 {[%emt 0:03:13] The position is equal.} d5 9. f3 exf3 10. exf3 Be7 11. b3 O-O 12. Qd3 Re8 13. Bd2 Be6 14. Rae1 c5 15. dxc5 Bxc5+ 16. Kh1 Qd7 17. Nb5 d4 {[%emt 0:02:31] Prevents Bc3} 18. f4 Bh3 19. Bxh3 Qxh3 20. Qf3 $2 {[%emt 0:16:33] Weighted Error Value: White=0.09 (flawless) /Black=0.06 (flawless) .  Mistake:       	White=1     	---        Inaccurate:     	White=2     	Black=1      OK:         	White=4     	Black=7      Best:        	White=1     	Black=1} (20. Nf3 $11) 1/2-1/2

[Event "Ostravsky Konik FIDE-A 2024"]
[Site "Ostrava"]
[Date "2024.04.28"]
[Round "2.5"]
[White "Goluch, Piotr"]
[Black "Backiel, Hubert"]
[Result "1/2-1/2"]
[ECO "E04"]
[WhiteElo "2325"]
[BlackElo "2129"]
[Annotator "TA"]
[PlyCount "31"]
[EventDate "2024.04.26"]
[EventType "swiss"]
[EventCountry "CZE"]
[SourceTitle "playchess.com"]
[Source "ChessBase"]
[SourceQuality "1"]
[TimeControl "40/5400+30:1800+30"]

1. d4 d5 2. Nf3 Nf6 3. c4 e6 4. g3 dxc4 5. Bg2 Nc6 6. O-O Rb8 7. e3 {[%emt 0:03:55][%mdl 1024] White has compensation.} b6 ({Black should play} 7... Be7 $11) 8. Nfd2 (8. Qe2 $14) 8... Na5 $11 9. Qc2 Ba6 10. Rd1 Be7 11. a4 (11. b4 $11 cxb3 12. axb3) 11... Nd5 {[%emt 0:14:14] Strongly threatening ...c5.} 12. Na3 $1 Nb4 13. Qc3 Nd5 14. Qc2 Nb4 15. Qc3 Nd5 16. Qc2 {[%emt 0:39:39] An uneventful encounter.   Weighted Error Value: White=0.26 (precise) /Black=0.24 (precise) .  Mistake:       	White=2     	---        Inaccurate:     	---       	Black=1      OK:         	White=5     	Black=1      Best:        	White=1     	Black=1      Strong:       	White=1     	---} 1/2-1/2